Panthers vs Avalanche
(R1)
Created - October 24, 2020 at 21:07
Goals
|
Panthers |
0 |
1 |
2 |
3 |
Avalanche |
1 |
3 |
0 |
4 |
|
Shots
|
Panthers |
8 |
9 |
10 |
27 |
Avalanche |
9 |
8 |
7 |
24 |
|
1st period
1. Avalanche , Patric Hornqvist 2 (Mikkel Boedker 3) at 13:08
Penalties :
Chad Larose (Flo) for Interference (Minor) at 4:52, Danny Richmond (Col) for Charging (Minor) at 10:45, Paul Stastny (Col) for Interference (Minor) at 15:43, Luke Witkowski (Col) for Interference (Minor) at 16:07
2nd period
2. Avalanche , Paul Stastny 1 (Erik Karlsson 1, Kyle Turris 1) at 2:19
3. Avalanche , Bryan Little 1 (Patric Hornqvist 3, Mikkel Boedker 4) at 10:51 (PP)
4. Avalanche , Patric Hornqvist 3 (Mikkel Boedker 5, Luke Witkowski 1) at 12:05
5. Panthers , Drew Stafford 1 (Alex Galchenyuk 2, Matt Duchene 6) at 19:10
Penalties :
Brandon Gormley (Flo) for Holding (Minor) at 3:38, Daniel Carcillo (Flo) for Hooking (Minor) at 6:20, Andrei Kostitsyn (Flo) for Holding (Minor) at 10:43, Alex Galchenyuk (Flo) for Interference (Minor) at 13:23, Chad Larose (Flo) for Holding Stick (Minor) at 16:01, Radko Gudas (Flo) for Interference (Minor) at 19:41
3rd period
6. Panthers , Alex Galchenyuk 5 (Erik Gudbranson 4, Matt Duchene 7) at 2:40 (PP)
7. Panthers , Travis Zajac 4 (Radko Gudas 3, Rickard Rakell 5) at 13:09
Penalties :
Mikkel Boedker (Col) for Boarding (Minor) at 2:28, Paul Stastny (Col) for Boarding (Minor) at 10:36, James Van Riemsdyk (Col) for Hooking (Minor) at 13:18, Mikkel Boedker (Col) for High sticking (Minor) at 17:44
Goalie Stats
Petr Mrazek (Flo), 11 saves from 15 shots - (0.733), L, 2-1-0, 32:05 minutes
Braden Holtby (Flo), 9 saves from 9 shots - (1.000), 27:28 minutes
Cam Ward (Col), 24 saves from 27 shots - (0.889), W, 1-0-0, 60:00 minutes
Players Stats for Panthers
Player Name G A P +/- PIM S H SB GA TA FO MP PP MP PK MP
------------------------------------------------------------------------------------
Alex Galchenyuk 1 1 2 -1 2 5 0 2 0 1 0/2 19:09 5:01 0:46
Alex Goligoski 0 0 0 -1 0 1 1 1 0 0 0/0 23:39 4:35 7:02
Andrei Kostitsyn 0 0 0 1 2 1 1 0 0 0 0/1 13:32 4:32 0:21
Brandon Gormley 0 0 0 -1 2 0 0 1 0 0 0/0 18:40 5:56 0:38
Chad Larose 0 0 0 0 4 1 0 0 0 0 0/0 9:04 0:52 1:22
Daniel Carcillo 0 0 0 0 2 1 4 1 2 0 0/0 12:09 0:58 3:08
David Booth 0 0 0 -1 0 1 0 0 0 1 0/0 8:05 0:34 0:00
Drew Stafford 1 0 1 -1 0 3 1 0 1 0 2/4 25:27 5:01 7:06
Erik Gudbranson 0 1 1 2 0 3 1 3 1 1 0/0 29:26 5:24 7:02
Jonathan Sigalet 0 0 0 -2 0 0 2 0 0 0 0/0 8:33 0:32 0:00
Kyle Wellwood 0 0 0 0 0 2 1 0 0 0 1/2 6:28 0:00 0:00
Matt Duchene 0 2 2 -1 0 3 0 0 0 0 13/24 18:41 5:01 0:20
Max Reinhart 0 0 0 -1 0 0 0 0 0 0 8/15 15:38 0:39 7:10
Radko Gudas 0 1 1 2 2 2 1 0 1 2 0/0 21:02 0:00 4:22
Rickard Rakell 0 1 1 1 0 2 3 0 0 0 0/0 13:03 4:23 0:00
Taylor Chorney 0 0 0 -2 0 0 0 1 2 2 0/0 19:31 4:35 5:00
Tomas Kopecky 0 0 0 -1 0 1 1 0 0 0 0/0 7:31 0:00 0:00
Travis Zajac 1 0 1 1 0 1 3 0 1 0 7/13 18:13 4:32 3:51
Players Stats for Avalanche
Player Name G A P +/- PIM S H SB GA TA FO MP PP MP PK MP
------------------------------------------------------------------------------------
Andrew Ladd 0 0 0 0 0 1 1 0 0 0 0/0 12:49 0:25 5:17
Bryan Little 1 0 1 1 0 2 3 1 1 2 11/26 19:05 5:19 0:00
Colten Teubert 0 0 0 0 0 0 0 2 0 0 0/0 12:10 0:19 3:13
Danny Richmond 0 0 0 2 2 1 0 1 0 1 0/0 20:51 5:53 0:48
Erik Karlsson 0 1 1 2 0 3 1 1 1 1 0/0 20:51 5:53 0:48
Evgeny Dadonov 0 0 0 0 0 1 2 2 0 0 0/0 16:50 6:18 0:00
Jack Johnson 0 0 0 -1 0 1 0 2 0 3 0/0 26:59 5:57 6:30
James Van Riemsdyk 0 0 0 0 2 6 2 0 0 0 1/1 18:11 6:18 1:14
Jonathan Marchessault 0 0 0 0 0 0 1 1 0 0 1/3 5:53 0:00 0:19
Kyle Turris 0 1 1 0 0 0 1 0 0 0 2/2 10:56 0:00 3:37
Luke Witkowski 0 1 1 0 2 1 0 0 0 0 1/3 9:08 0:00 3:17
Marc Staal 0 0 0 -1 0 0 1 1 0 0 0/0 26:59 5:50 6:30
Mattias Ekholm 0 0 0 0 0 0 0 0 1 0 0/0 12:10 0:12 3:13
Mikkel Boedker 0 3 3 1 4 2 3 0 2 0 0/2 20:01 5:19 0:56
Patric Hornqvist 2 1 3 1 0 4 1 0 1 1 0/0 19:31 5:19 0:26
Paul Stastny 1 0 1 0 4 1 5 1 1 0 13/23 21:03 6:18 3:59
Peter Prucha 0 0 0 0 0 0 0 0 0 0 0/0 7:47 0:41 0:00
Tomas Tatar 0 0 0 0 0 1 0 0 0 0 1/1 6:33 0:09 0:21
3 Stars
1 - Patric Hornqvist (Col)
2 - Bryan Little (Col)
3 - Travis Zajac (Flo)
Power Play
Panthers - 1 on 7 Attempt(s) - 14.29%
Avalanche - 1 on 7 Attempt(s) - 14.29%
Penalty Kill
Panthers - 6 on 7 Attempt(s) - 85.71%
- Score 0 goal in Penalty Kill
Avalanche - 6 on 7 Attempt(s) - 85.71%
- Score 0 goal in Penalty Kill
Team Stat
Panthers - Hits : 19 - Faceoff Wins : 31 - Blocked Shots : 9 - Penalty Minutes : 14
Avalanche - Hits : 21 - Faceoff Wins : 30 - Blocked Shots : 12 - Penalty Minutes : 14
Official
Referees : Unknown
Linesman : Unknown
Game Notes
Braden Holtby enters game at 12:05 of 2nd period
Finance
Level 1 -- Attendance: 6000 (100.00%) -- Ticket Income $534,000
Level 2 -- Attendance: 5000 (100.00%) -- Ticket Income $275,000
Level 3 -- Attendance: 1874 (93.70%) -- Ticket Income $61,842
Level 4 -- Attendance: 4000 (100.00%) -- Ticket Income $92,000
Luxury Box -- Attendance: 903 (90.30%) -- Ticket Income $155,316
Game was played at the Pepsi Center.
Total Attendance: 17777 (98.76%)
Total Ticket Income: $1,118,158
Other Income: $167,724
Total Income: $1,285,882
Panthers
5 vs 5 Forward
Center Left Wing Right Wing Time % Phy DF OF
1 Matt Duchene Alex Galchenyuk Drew Stafford 40 0 2 3
2 Travis Zajac Andrei Kostitsyn Rickard Rakell 30 0 2 3
3 Max Reinhart David Booth Tomas Kopecky 20 0 3 2
4 Kyle Wellwood Daniel Carcillo Chad Larose 10 1 2 2
5 vs 5 Defense
Defense Defense Time % Phy DF OF
1 Erik Gudbranson Radko Gudas 40 0 2 3
2 Alex Goligoski Brandon Gormley 30 0 2 3
3 Jonathan Sigalet Taylor Chorney 20 0 3 2
4 Erik Gudbranson Alex Goligoski 10 0 2 3
PowerPlay Forward
Center Left Wing Right Wing Time % Phy DF OF
1 Matt Duchene Alex Galchenyuk Drew Stafford 60 0 1 4
2 Travis Zajac Andrei Kostitsyn Rickard Rakell 40 0 1 4
PowerPlay Defense
Defense Defense Time % Phy DF OF
1 Erik Gudbranson Brandon Gormley 60 0 2 3
2 Alex Goligoski Taylor Chorney 40 0 2 3
Penalty Kill 4 Players Forward
Center Wing Time % Phy DF OF
1 Max Reinhart Drew Stafford 60 1 3 1
2 Travis Zajac Daniel Carcillo 40 1 3 1
Penalty Kill 4 Players Defense
Defense Defense Time % Phy DF OF
1 Erik Gudbranson Alex Goligoski 60 1 4 0
2 Taylor Chorney Radko Gudas 40 1 4 0
Penalty Kill - 3 Players Forward
Forward Time % Phy DF OF
1 Drew Stafford 60 1 3 1
2 Daniel Carcillo 40 1 3 1
Penalty Kill - 3 Players Defense
Defense Defense Time % Phy DF OF
1 Erik Gudbranson Alex Goligoski 60 1 4 0
2 Taylor Chorney Radko Gudas 40 1 4 0
4 vs 4 Forward
Center Wing Time % Phy DF OF
1 Matt Duchene Alex Galchenyuk 60 0 2 3
2 Travis Zajac Drew Stafford 40 0 2 3
4 vs 4 Defense
Defense Defense Time % Phy DF OF
1 Erik Gudbranson Radko Gudas 60 0 2 3
2 Alex Goligoski Brandon Gormley 40 1 2 2
Last Minutes Offensive
Center Left Wing Right Wing Defense Defense
Matt Duchene Alex Galchenyuk Drew Stafford Erik Gudbranson Alex Goligoski
Last Minutes Defensive
Center Left Wing Right Wing Defense Defense
Max Reinhart Daniel Carcillo Drew Stafford Erik Gudbranson Taylor Chorney
Goaltenders
Starting : Petr Mrazek
Backup : Braden Holtby
Extra Forwards
Normal : David Booth, Alex Galchenyuk, Matt Duchene - PP : David Booth, Alex Galchenyuk - PK : Chad Larose
Extra Defensemen
Normal : Alex Goligoski, Erik Gudbranson, Brandon Gormley - PP : Jonathan Sigalet - PK : Brandon Gormley, Jonathan Sigalet
Penalty Shots
Alex Galchenyuk, Kyle Wellwood, David Booth, Drew Stafford, Matt Duchene
Scratches
Matt Irwin (Healthy)
Avalanche
5 vs 5 Forward
Center Left Wing Right Wing Time % Phy DF OF
1 Bryan Little Mikkel Boedker Patric Hornqvist 35 1 2 2
2 Paul Stastny James Van Riemsdyk Evgeny Dadonov 35 1 2 2
3 Kyle Turris Andrew Ladd Peter Prucha 20 1 2 2
4 Jonathan Marchessault Tomas Tatar Luke Witkowski 10 1 2 2
5 vs 5 Defense
Defense Defense Time % Phy DF OF
1 Jack Johnson Marc Staal 40 1 2 2
2 Erik Karlsson Danny Richmond 35 1 2 2
3 Colten Teubert Mattias Ekholm 25 1 2 2
4 Jack Johnson Marc Staal 0 1 2 2
PowerPlay Forward
Center Left Wing Right Wing Time % Phy DF OF
1 Bryan Little Mikkel Boedker Patric Hornqvist 60 1 2 2
2 Paul Stastny James Van Riemsdyk Evgeny Dadonov 40 1 2 2
PowerPlay Defense
Defense Defense Time % Phy DF OF
1 Jack Johnson Marc Staal 60 1 2 2
2 Erik Karlsson Danny Richmond 40 1 2 2
Penalty Kill 4 Players Forward
Center Wing Time % Phy DF OF
1 Paul Stastny Andrew Ladd 60 1 2 2
2 Kyle Turris Luke Witkowski 40 1 2 2
Penalty Kill 4 Players Defense
Defense Defense Time % Phy DF OF
1 Jack Johnson Marc Staal 60 1 2 2
2 Mattias Ekholm Colten Teubert 40 1 2 2
Penalty Kill - 3 Players Forward
Forward Time % Phy DF OF
1 Mikkel Boedker 60 1 2 2
2 Patric Hornqvist 40 1 2 2
Penalty Kill - 3 Players Defense
Defense Defense Time % Phy DF OF
1 Jack Johnson Marc Staal 60 1 2 2
2 Erik Karlsson Danny Richmond 40 1 2 2
4 vs 4 Forward
Center Wing Time % Phy DF OF
1 Mikkel Boedker Patric Hornqvist 60 1 2 2
2 Bryan Little Paul Stastny 40 1 2 2
4 vs 4 Defense
Defense Defense Time % Phy DF OF
1 Jack Johnson Marc Staal 60 1 2 2
2 Erik Karlsson Danny Richmond 40 1 2 2
Last Minutes Offensive
Center Left Wing Right Wing Defense Defense
Bryan Little Mikkel Boedker Patric Hornqvist Jack Johnson Marc Staal
Last Minutes Defensive
Center Left Wing Right Wing Defense Defense
Bryan Little Mikkel Boedker Patric Hornqvist Jack Johnson Marc Staal
Goaltenders
Starting : Cam Ward
Backup : Semyon Varlamov
Extra Forwards
Normal : Peter Prucha, Andrew Ladd, Luke Witkowski - PP : Peter Prucha, Andrew Ladd - PK : Luke Witkowski
Extra Defensemen
Normal : Colten Teubert, Mattias Ekholm, Erik Karlsson - PP : Colten Teubert - PK : Mattias Ekholm, Erik Karlsson
Penalty Shots
Mikkel Boedker, Patric Hornqvist, Bryan Little, Paul Stastny, Evgeny Dadonov
Scratches
Charlie Coyle (Right Foot Injury)
% Time on Ice - Panthers
Lines # - Real PCT - Wanted PCT - Time Play
Normal Forward
1 - 35% - 40% - 13:07
2 - 27% - 30% - 10:08
3 - 20% - 20% - 7:31
4 - 17% - 10% - 6:28
Normal Defense
1 - 43% - 40% - 15:58
2 - 34% - 30% - 12:45
3 - 22% - 20% - 8:09
4 - 1% - 10% - 0:22
PP Forward
1 - 48% - 60% - 5:01
2 - 52% - 40% - 5:30
PP Defense
1 - 56% - 60% - 5:56
2 - 44% - 40% - 4:35
PK Forward
1 - 68% - 60% - 8:11
2 - 32% - 40% - 3:51
PK Defense
1 - 58% - 60% - 7:02
2 - 42% - 40% - 5:00
PK3 Forward
1 - 0% - 60%
2 - 0% - 40%
PK3 Defense
1 - 0% - 60%
2 - 0% - 40%
44 Forward
1 - 0% - 60%
2 - 0% - 40%
44 Defense
1 - 0% - 60%
2 - 0% - 40%
Last Minute Offensive - 0:13
Last Minute Defensive - 0:00
Total
Forward - 60:00
Defense - 60:00
|
% Time on Ice - Avalanche
Lines # - Real PCT - Wanted PCT - Time Play
Normal Forward
1 - 38% - 35% - 14:06
2 - 28% - 35% - 10:34
3 - 19% - 20% - 6:59
4 - 15% - 10% - 5:34
Normal Defense
1 - 39% - 40% - 14:32
2 - 41% - 35% - 15:07
3 - 20% - 25% - 7:34
4 - 0% - 0% - 0:00
PP Forward
1 - 48% - 60% - 5:44
2 - 52% - 40% - 6:18
PP Defense
1 - 51% - 60% - 6:09
2 - 49% - 40% - 5:53
PK Forward
1 - 80% - 60% - 7:10
2 - 20% - 40% - 1:46
PK Defense
1 - 64% - 60% - 5:43
2 - 36% - 40% - 3:13
PK3 Forward
1 - 73% - 60% - 1:09
2 - 27% - 40% - 0:26
PK3 Defense
1 - 49% - 60% - 0:47
2 - 51% - 40% - 0:48
44 Forward
1 - 0% - 60%
2 - 0% - 40%
44 Defense
1 - 0% - 60%
2 - 0% - 40%
Last Minute Offensive - 0:00
Last Minute Defensive - 0:14
Total
Forward - 60:00
Defense - 60:00
|
Play-by-Play
1st period
0:01 of 1st period - Bryan Little wins face-off versus Matt Duchene in neutral zone.
0:14 of 1st period - Slapshot by Erik Gudbranson.
0:14 of 1st period - Shot Blocked by Marc Staal.
0:16 of 1st period - Wrist shot by Radko Gudas.
0:16 of 1st period - Stopped by Cam Ward without a rebound.
0:17 of 1st period - Travis Zajac wins face-off versus Paul Stastny in Avalanche zone.
0:28 of 1st period - Snap shot by Andrei Kostitsyn.
0:28 of 1st period - Shot Misses the Net.
0:30 of 1st period - Snap shot by Travis Zajac.
0:30 of 1st period - Deflect By Andrei Kostitsyn.
0:30 of 1st period - Shot Misses the Net.
0:30 of 1st period - Puck is out of play.
0:31 of 1st period - Kyle Turris wins face-off versus Max Reinhart in Avalanche zone.
0:38 of 1st period - Backhand shot by Andrew Ladd.
0:38 of 1st period - Stopped by Petr Mrazek with a rebound.
0:40 of 1st period - Slapshot by Mattias Ekholm.
0:40 of 1st period - Shot Misses the Net.
1:47 of 1st period - Slapshot by Jonathan Sigalet.
1:47 of 1st period - Shot Misses the Net.
1:49 of 1st period - Wrist shot by Kyle Wellwood.
1:49 of 1st period - Stopped by Cam Ward without a rebound.
1:50 of 1st period - Paul Stastny wins face-off versus Kyle Wellwood in Avalanche zone.
1:55 of 1st period - Snap shot by James Van Riemsdyk.
1:55 of 1st period - Shot Misses the Net.
1:57 of 1st period - Slapshot by Jack Johnson.
1:57 of 1st period - Shot Blocked by Daniel Carcillo.
2:01 of 1st period - Snap shot by James Van Riemsdyk.
2:01 of 1st period - Deflect By Evgeny Dadonov.
2:01 of 1st period - Stopped by Petr Mrazek with a rebound.
2:03 of 1st period - Slapshot by Marc Staal.
2:03 of 1st period - Deflect By James Van Riemsdyk.
2:03 of 1st period - Deflect By Erik Gudbranson.
2:03 of 1st period - Stopped by Petr Mrazek with a rebound.
2:05 of 1st period - Wrist shot by James Van Riemsdyk.
2:05 of 1st period - Deflect By Evgeny Dadonov.
2:05 of 1st period - Shot Misses the Net.
2:05 of 1st period - Puck is out of play.
2:06 of 1st period - Bryan Little wins face-off versus Matt Duchene in Panthers zone.
2:09 of 1st period - Backhand shot by Mikkel Boedker.
2:09 of 1st period - Stopped by Petr Mrazek with a rebound.
2:35 of 1st period - Icing by Jack Johnson.
2:36 of 1st period - Travis Zajac wins face-off versus Jonathan Marchessault in Avalanche zone.
2:41 of 1st period - Slapshot by Travis Zajac.
2:41 of 1st period - Shot Misses the Net.
2:43 of 1st period - Wrist shot by Andrei Kostitsyn.
2:43 of 1st period - Shot Blocked by Colten Teubert.
3:15 of 1st period - Wrist shot by Drew Stafford.
3:15 of 1st period - Stopped by Cam Ward with a rebound.
3:31 of 1st period - Slapshot by Paul Stastny.
3:31 of 1st period - Shot Misses the Net.
3:33 of 1st period - Slapshot by Colten Teubert.
3:33 of 1st period - Shot Blocked by Alex Goligoski.
3:35 of 1st period - Slapshot by James Van Riemsdyk.
3:35 of 1st period - Shot Blocked by Brandon Gormley.
3:37 of 1st period - Wrist shot by James Van Riemsdyk.
3:37 of 1st period - Stopped by Petr Mrazek without a rebound.
3:38 of 1st period - Bryan Little wins face-off versus Travis Zajac in Panthers zone.
3:49 of 1st period - Patric Hornqvist is hit by Travis Zajac and loses puck.
4:52 of 1st period - Minor Penalty to Chad Larose for Interference.
4:53 of 1st period - Paul Stastny wins face-off versus Drew Stafford in Panthers zone.
4:56 of 1st period - Snap shot by Paul Stastny.
4:56 of 1st period - Shot Misses the Net.
5:06 of 1st period - Snap shot by Evgeny Dadonov.
5:06 of 1st period - Shot Misses the Net.
6:11 of 1st period - Marc Staal is hit by Daniel Carcillo and loses puck.
6:52 of 1st period - Penalty to Chad Larose is over, Chad Larose is back on ice.
7:00 of 1st period - Rickard Rakell is hit by Erik Karlsson and loses puck.
8:13 of 1st period - Mikkel Boedker is hit by Drew Stafford and loses puck.
8:24 of 1st period - Max Reinhart is hit by James Van Riemsdyk and loses puck.
8:37 of 1st period - Paul Stastny is hit by Daniel Carcillo and loses puck.
8:58 of 1st period - Danny Richmond is hit by Jonathan Sigalet.
9:22 of 1st period - Slapshot by Jack Johnson.
9:22 of 1st period - Shot Misses the Net.
9:28 of 1st period - Snap shot by James Van Riemsdyk.
9:28 of 1st period - Shot Misses the Net.
9:34 of 1st period - Evgeny Dadonov is hit by Tomas Kopecky and loses puck.
9:52 of 1st period - Mattias Ekholm is hit by Travis Zajac and loses puck.
10:09 of 1st period - Patric Hornqvist is hit by Kyle Wellwood and loses puck.
10:14 of 1st period - Slapshot by Alex Goligoski.
10:14 of 1st period - Deflect By Patric Hornqvist.
10:14 of 1st period - Stopped by Cam Ward without a rebound.
10:15 of 1st period - Kyle Wellwood wins face-off versus Mikkel Boedker in Avalanche zone.
10:43 of 1st period - Snap shot by Kyle Wellwood.
10:43 of 1st period - Shot Misses the Net.
10:45 of 1st period - Minor Penalty to Danny Richmond for Charging.
10:46 of 1st period - Paul Stastny wins face-off versus Alex Galchenyuk in Avalanche zone.
11:01 of 1st period - Wrist shot by Rickard Rakell.
11:01 of 1st period - Shot Misses the Net.
11:03 of 1st period - Snap shot by Erik Gudbranson.
11:03 of 1st period - Stopped by Cam Ward without a rebound.
11:04 of 1st period - Travis Zajac wins face-off versus Luke Witkowski in Avalanche zone.
11:05 of 1st period - Snap shot by Rickard Rakell.
11:05 of 1st period - Stopped by Cam Ward without a rebound.
11:06 of 1st period - Paul Stastny wins face-off versus Travis Zajac in Avalanche zone.
12:45 of 1st period - Penalty to Danny Richmond is over, Danny Richmond is back on ice.
12:58 of 1st period - Snap shot by Mikkel Boedker.
12:58 of 1st period - Stopped by Petr Mrazek without a rebound.
12:59 of 1st period - Max Reinhart wins face-off versus Bryan Little in Panthers zone.
13:08 of 1st period - Snap shot by Patric Hornqvist.
13:08 of 1st period - Goal by Patric Hornqvist - Panthers : 0 - Avalanche : 1.
13:09 of 1st period - Paul Stastny wins face-off versus Matt Duchene in neutral zone.
13:28 of 1st period - Drew Stafford is hit by Marc Staal and loses puck.
14:01 of 1st period - Brandon Gormley is hit by Patric Hornqvist and loses puck.
14:26 of 1st period - Wrist shot by Tomas Tatar.
14:26 of 1st period - Shot Misses the Net.
14:28 of 1st period - Slapshot by Danny Richmond.
14:28 of 1st period - Shot Misses the Net.
14:30 of 1st period - Slapshot by Erik Karlsson.
14:30 of 1st period - Stopped by Petr Mrazek with a rebound.
14:32 of 1st period - Slapshot by Erik Karlsson.
14:32 of 1st period - Shot Misses the Net.
14:36 of 1st period - Snap shot by Tomas Tatar.
14:36 of 1st period - Deflect By Luke Witkowski.
14:36 of 1st period - Shot Misses the Net.
14:36 of 1st period - Puck is out of play.
14:37 of 1st period - Paul Stastny wins face-off versus Alex Galchenyuk in Panthers zone.
15:04 of 1st period - Marc Staal is hit by Rickard Rakell and loses puck.
15:35 of 1st period - Slapshot by David Booth.
15:35 of 1st period - Stopped by Cam Ward without a rebound.
15:36 of 1st period - Matt Duchene wins face-off versus Paul Stastny in Avalanche zone.
15:41 of 1st period - Wrist shot by Matt Duchene.
15:41 of 1st period - Stopped by Cam Ward with a rebound.
15:43 of 1st period - Minor Penalty to Paul Stastny for Interference.
15:44 of 1st period - Matt Duchene wins face-off versus Luke Witkowski in Avalanche zone.
16:07 of 1st period - Minor Penalty to Luke Witkowski for Interference.
16:08 of 1st period - Matt Duchene wins face-off versus Mikkel Boedker in Avalanche zone.
16:45 of 1st period - Patric Hornqvist is hit by Rickard Rakell and loses puck.
17:12 of 1st period - Slapshot by Danny Richmond.
17:12 of 1st period - Stopped by Petr Mrazek with a rebound.
17:43 of 1st period - Penalty to Paul Stastny is over, Paul Stastny is back on ice.
18:07 of 1st period - Penalty to Luke Witkowski is over, Luke Witkowski is back on ice.
18:41 of 1st period - Chad Larose is hit by James Van Riemsdyk and loses puck.
18:50 of 1st period - James Van Riemsdyk is hit by Daniel Carcillo and loses puck.
18:57 of 1st period - Erik Gudbranson is hit by Paul Stastny and loses puck.
19:14 of 1st period - Radko Gudas is hit by Evgeny Dadonov and loses puck.
19:43 of 1st period - Paul Stastny is hit by Jonathan Sigalet and loses puck.
Goals for this period are 0 for Panthers vs 1 for Avalanche.
Shots for this period are 8 for Panthers vs 9 for Avalanche.
2nd period
0:01 of 2nd period - Bryan Little wins face-off versus Matt Duchene in neutral zone.
0:04 of 2nd period - Drew Stafford is hit by Mikkel Boedker and loses puck.
0:55 of 2nd period - Slapshot by Erik Gudbranson.
0:55 of 2nd period - Stopped by Cam Ward with a rebound.
1:27 of 2nd period - Wrist shot by Kyle Wellwood.
1:27 of 2nd period - Stopped by Cam Ward with a rebound.
1:29 of 2nd period - Wrist shot by Daniel Carcillo.
1:29 of 2nd period - Shot Misses the Net.
1:39 of 2nd period - Erik Karlsson is hit by Daniel Carcillo and loses puck.
2:02 of 2nd period - Brandon Gormley is hit by Kyle Turris and loses puck.
2:17 of 2nd period - Slapshot by Erik Karlsson.
2:17 of 2nd period - Shot Misses the Net.
2:19 of 2nd period - Snap shot by Paul Stastny.
2:19 of 2nd period - Goal by Paul Stastny - Panthers : 0 - Avalanche : 2.
2:20 of 2nd period - Matt Duchene wins face-off versus Bryan Little in neutral zone.
2:22 of 2nd period - Off-side.
2:23 of 2nd period - Bryan Little wins face-off versus Matt Duchene in neutral zone.
2:26 of 2nd period - Taylor Chorney is hit by Mikkel Boedker.
2:40 of 2nd period - Slapshot by Alex Galchenyuk.
2:40 of 2nd period - Stopped by Cam Ward without a rebound.
2:41 of 2nd period - Paul Stastny wins face-off versus Travis Zajac in Avalanche zone.
2:52 of 2nd period - Snap shot by Paul Stastny.
2:52 of 2nd period - Shot Blocked by Erik Gudbranson.
3:06 of 2nd period - Alex Galchenyuk is hit by Mikkel Boedker.
3:07 of 2nd period - Icing by Alex Galchenyuk.
3:08 of 2nd period - Matt Duchene wins face-off versus Bryan Little in Panthers zone.
3:31 of 2nd period - Snap shot by Bryan Little.
3:31 of 2nd period - Stopped by Petr Mrazek with a rebound.
3:38 of 2nd period - Minor Penalty to Brandon Gormley for Holding.
3:39 of 2nd period - Paul Stastny wins face-off versus Max Reinhart in Panthers zone.
3:39 of 2nd period - Snap shot by Evgeny Dadonov.
3:39 of 2nd period - Shot Misses the Net.
4:14 of 2nd period - Slapshot by Jack Johnson.
4:14 of 2nd period - Shot Blocked by Erik Gudbranson.
4:56 of 2nd period - Wrist shot by James Van Riemsdyk.
4:56 of 2nd period - Stopped by Petr Mrazek without a rebound.
4:57 of 2nd period - Bryan Little wins face-off versus Max Reinhart in Panthers zone.
5:38 of 2nd period - Penalty to Brandon Gormley is over, Brandon Gormley is back on ice.
5:46 of 2nd period - Wrist shot by Daniel Carcillo.
5:46 of 2nd period - Stopped by Cam Ward with a rebound.
6:20 of 2nd period - Minor Penalty to Daniel Carcillo for Hooking.
6:21 of 2nd period - Max Reinhart wins face-off versus Bryan Little in Panthers zone.
6:21 of 2nd period - Max Reinhart is hit by Bryan Little.
8:20 of 2nd period - Penalty to Daniel Carcillo is over, Daniel Carcillo is back on ice.
8:43 of 2nd period - Snap shot by David Booth.
8:43 of 2nd period - Shot Blocked by Colten Teubert.
9:01 of 2nd period - Taylor Chorney is hit by Jonathan Marchessault and loses puck.
9:50 of 2nd period - Icing by Radko Gudas.
9:51 of 2nd period - Jonathan Marchessault wins face-off versus Max Reinhart in Panthers zone.
9:56 of 2nd period - Wrist shot by Bryan Little.
9:56 of 2nd period - Shot Misses the Net.
10:22 of 2nd period - Slapshot by Alex Galchenyuk.
10:22 of 2nd period - Shot Misses the Net.
10:24 of 2nd period - Slapshot by Radko Gudas.
10:24 of 2nd period - Shot Misses the Net.
10:26 of 2nd period - Backhand shot by Drew Stafford.
10:26 of 2nd period - Shot Misses the Net.
10:43 of 2nd period - Minor Penalty to Andrei Kostitsyn for Holding.
10:44 of 2nd period - Max Reinhart wins face-off versus Bryan Little in Panthers zone.
10:47 of 2nd period - Slapshot by Mikkel Boedker.
10:47 of 2nd period - Shot Misses the Net.
10:49 of 2nd period - Backhand shot by Patric Hornqvist.
10:49 of 2nd period - Stopped by Petr Mrazek with a rebound.
10:51 of 2nd period - Wrist shot by Bryan Little.
10:51 of 2nd period - Goal by Bryan Little - Panthers : 0 - Avalanche : 3.
10:52 of 2nd period - Bryan Little wins face-off versus Matt Duchene in neutral zone.
11:19 of 2nd period - James Van Riemsdyk is hit by Erik Gudbranson and loses puck.
12:05 of 2nd period - Snap shot by Patric Hornqvist.
12:05 of 2nd period - Goal by Patric Hornqvist - Panthers : 0 - Avalanche : 4.
12:05 of 2nd period - Braden Holtby enters game.
12:06 of 2nd period - Matt Duchene wins face-off versus Bryan Little in neutral zone.
12:33 of 2nd period - Paul Stastny is hit by Radko Gudas and loses puck.
12:46 of 2nd period - Snap shot by Rickard Rakell.
12:46 of 2nd period - Shot Blocked by Erik Karlsson.
12:57 of 2nd period - Off-side.
12:58 of 2nd period - Kyle Turris wins face-off versus Max Reinhart in neutral zone.
13:23 of 2nd period - Minor Penalty to Alex Galchenyuk for Interference.
13:24 of 2nd period - Drew Stafford wins face-off versus Bryan Little in Panthers zone.
15:18 of 2nd period - Taylor Chorney is hit by Paul Stastny and loses puck.
15:23 of 2nd period - Penalty to Alex Galchenyuk is over, Alex Galchenyuk is back on ice.
15:31 of 2nd period - Snap shot by Alex Galchenyuk.
15:31 of 2nd period - Stopped by Cam Ward with a rebound.
15:45 of 2nd period - Snap shot by Travis Zajac.
15:45 of 2nd period - Shot Misses the Net.
16:01 of 2nd period - Minor Penalty to Chad Larose for Holding Stick.
16:02 of 2nd period - Drew Stafford wins face-off versus Bryan Little in Panthers zone.
16:11 of 2nd period - Wrist shot by Drew Stafford.
16:11 of 2nd period - Shot Misses the Net.
16:29 of 2nd period - Erik Gudbranson is hit by Paul Stastny.
16:33 of 2nd period - James Van Riemsdyk is hit by Travis Zajac and loses puck.
16:42 of 2nd period - Daniel Carcillo is hit by Paul Stastny and loses puck.
16:54 of 2nd period - Icing by Patric Hornqvist.
16:55 of 2nd period - Max Reinhart wins face-off versus Bryan Little in Avalanche zone.
17:18 of 2nd period - Snap shot by James Van Riemsdyk.
17:18 of 2nd period - Stopped by Braden Holtby without a rebound.
17:19 of 2nd period - Max Reinhart wins face-off versus Paul Stastny in Panthers zone.
17:42 of 2nd period - Snap shot by James Van Riemsdyk.
17:42 of 2nd period - Shot Misses the Net.
17:44 of 2nd period - Slapshot by Erik Karlsson.
17:44 of 2nd period - Deflect By Evgeny Dadonov.
17:44 of 2nd period - Shot Misses the Net.
17:44 of 2nd period - Puck is out of play.
17:45 of 2nd period - Bryan Little wins face-off versus Max Reinhart in Panthers zone.
18:01 of 2nd period - Penalty to Chad Larose is over, Chad Larose is back on ice.
18:52 of 2nd period - Snap shot by Matt Duchene.
18:52 of 2nd period - Stopped by Cam Ward without a rebound.
18:53 of 2nd period - Max Reinhart wins face-off versus Jonathan Marchessault in Avalanche zone.
18:56 of 2nd period - Snap shot by David Booth.
18:56 of 2nd period - Shot Misses the Net.
18:58 of 2nd period - Slapshot by Erik Gudbranson.
18:58 of 2nd period - Stopped by Cam Ward with a rebound.
19:00 of 2nd period - Wrist shot by David Booth.
19:00 of 2nd period - Shot Blocked by Jonathan Marchessault.
19:06 of 2nd period - Wrist shot by Max Reinhart.
19:06 of 2nd period - Deflect By Jack Johnson.
19:06 of 2nd period - Shot Misses the Net.
19:06 of 2nd period - Puck is out of play.
19:07 of 2nd period - Matt Duchene wins face-off versus Bryan Little in Avalanche zone.
19:08 of 2nd period - Slapshot by Alex Galchenyuk.
19:08 of 2nd period - Stopped by Cam Ward with a rebound.
19:10 of 2nd period - Wrist shot by Drew Stafford.
19:10 of 2nd period - Goal by Drew Stafford - Panthers : 1 - Avalanche : 4.
19:11 of 2nd period - Bryan Little wins face-off versus Matt Duchene in neutral zone.
19:14 of 2nd period - Slapshot by Jack Johnson.
19:14 of 2nd period - Stopped by Braden Holtby with a rebound.
19:20 of 2nd period - Erik Gudbranson is hit by Bryan Little and loses puck.
19:39 of 2nd period - Wrist shot by Paul Stastny.
19:39 of 2nd period - Shot Blocked by Erik Gudbranson.
19:41 of 2nd period - Minor Penalty to Radko Gudas for Interference.
19:42 of 2nd period - Max Reinhart wins face-off versus Bryan Little in Panthers zone.
19:42 of 2nd period - Max Reinhart is hit by Bryan Little.
Goals for this period are 1 for Panthers vs 3 for Avalanche.
Shots for this period are 9 for Panthers vs 8 for Avalanche.
3rd period
0:01 of 3rd period - Max Reinhart wins face-off versus Bryan Little in neutral zone.
0:14 of 3rd period - Slapshot by Marc Staal.
0:14 of 3rd period - Shot Misses the Net.
0:16 of 3rd period - Slapshot by Jack Johnson.
0:16 of 3rd period - Shot Misses the Net.
0:28 of 3rd period - Slapshot by Erik Gudbranson.
0:28 of 3rd period - Deflect By Daniel Carcillo.
0:28 of 3rd period - Shot Blocked by Evgeny Dadonov.
0:28 of 3rd period - Puck is out of play.
0:29 of 3rd period - Travis Zajac wins face-off versus Paul Stastny in Avalanche zone.
0:32 of 3rd period - Wrist shot by Travis Zajac.
0:32 of 3rd period - Shot Misses the Net.
0:40 of 3rd period - Slapshot by Erik Karlsson.
0:40 of 3rd period - Stopped by Braden Holtby with a rebound.
1:28 of 3rd period - Slapshot by James Van Riemsdyk.
1:28 of 3rd period - Stopped by Braden Holtby without a rebound.
1:29 of 3rd period - Travis Zajac wins face-off versus Bryan Little in Panthers zone.
1:36 of 3rd period - Snap shot by Travis Zajac.
1:36 of 3rd period - Shot Misses the Net.
1:41 of 3rd period - Penalty to Radko Gudas is over, Radko Gudas is back on ice.
2:04 of 3rd period - Slapshot by Tomas Tatar.
2:04 of 3rd period - Stopped by Braden Holtby with a rebound.
2:06 of 3rd period - Snap shot by Luke Witkowski.
2:06 of 3rd period - Stopped by Braden Holtby without a rebound.
2:07 of 3rd period - Matt Duchene wins face-off versus Bryan Little in Panthers zone.
2:28 of 3rd period - Minor Penalty to Mikkel Boedker for Boarding.
2:29 of 3rd period - Matt Duchene wins face-off versus Paul Stastny in Avalanche zone.
2:38 of 3rd period - Slapshot by Erik Gudbranson.
2:38 of 3rd period - Shot Misses the Net.
2:40 of 3rd period - Snap shot by Alex Galchenyuk.
2:40 of 3rd period - Goal by Alex Galchenyuk - Panthers : 2 - Avalanche : 4.
2:41 of 3rd period - James Van Riemsdyk wins face-off versus Drew Stafford in neutral zone.
2:54 of 3rd period - Snap shot by Paul Stastny.
2:54 of 3rd period - Deflect By James Van Riemsdyk.
2:54 of 3rd period - Stopped by Braden Holtby without a rebound.
2:55 of 3rd period - Matt Duchene wins face-off versus Bryan Little in Panthers zone.
3:26 of 3rd period - Alex Goligoski is hit by Evgeny Dadonov and loses puck.
3:41 of 3rd period - Alex Goligoski is hit by Andrew Ladd and loses puck.
3:51 of 3rd period - Off-side.
3:52 of 3rd period - Bryan Little wins face-off versus Matt Duchene in neutral zone.
3:58 of 3rd period - Off-side.
3:59 of 3rd period - Bryan Little wins face-off versus Matt Duchene in neutral zone.
4:02 of 3rd period - Wrist shot by Patric Hornqvist.
4:02 of 3rd period - Shot Misses the Net.
4:04 of 3rd period - Slapshot by Patric Hornqvist.
4:04 of 3rd period - Stopped by Braden Holtby with a rebound.
4:06 of 3rd period - Snap shot by Patric Hornqvist.
4:06 of 3rd period - Shot Misses the Net.
4:16 of 3rd period - Snap shot by Alex Galchenyuk.
4:16 of 3rd period - Shot Misses the Net.
5:18 of 3rd period - Snap shot by Radko Gudas.
5:18 of 3rd period - Shot Misses the Net.
5:26 of 3rd period - Wrist shot by Alex Galchenyuk.
5:26 of 3rd period - Shot Blocked by Bryan Little.
6:50 of 3rd period - Snap shot by Matt Duchene.
6:50 of 3rd period - Shot Misses the Net.
7:20 of 3rd period - Slapshot by Erik Karlsson.
7:20 of 3rd period - Shot Blocked by Alex Galchenyuk.
7:22 of 3rd period - Wrist shot by Mikkel Boedker.
7:22 of 3rd period - Shot Blocked by Alex Galchenyuk.
7:32 of 3rd period - Wrist shot by Mikkel Boedker.
7:32 of 3rd period - Shot Misses the Net.
7:50 of 3rd period - Slapshot by Mikkel Boedker.
7:50 of 3rd period - Shot Misses the Net.
7:52 of 3rd period - Slapshot by Erik Karlsson.
7:52 of 3rd period - Stopped by Braden Holtby with a rebound.
7:54 of 3rd period - Slapshot by Danny Richmond.
7:54 of 3rd period - Deflect By Mikkel Boedker.
7:54 of 3rd period - Shot Misses the Net.
7:54 of 3rd period - Puck is out of play.
7:55 of 3rd period - Paul Stastny wins face-off versus Travis Zajac in Panthers zone.
8:32 of 3rd period - Backhand shot by Tomas Kopecky.
8:32 of 3rd period - Stopped by Cam Ward with a rebound.
8:34 of 3rd period - Snap shot by David Booth.
8:34 of 3rd period - Shot Misses the Net.
9:14 of 3rd period - Wrist shot by Luke Witkowski.
9:14 of 3rd period - Shot Misses the Net.
9:16 of 3rd period - Slapshot by Mattias Ekholm.
9:16 of 3rd period - Shot Misses the Net.
9:18 of 3rd period - Slapshot by Colten Teubert.
9:18 of 3rd period - Shot Misses the Net.
9:49 of 3rd period - Backhand shot by Daniel Carcillo.
9:49 of 3rd period - Shot Blocked by Jack Johnson.
10:06 of 3rd period - Alex Goligoski is hit by Paul Stastny and loses puck.
10:36 of 3rd period - Minor Penalty to Paul Stastny for Boarding.
10:37 of 3rd period - Luke Witkowski wins face-off versus Andrei Kostitsyn in Avalanche zone.
10:50 of 3rd period - Luke Witkowski is hit by Rickard Rakell and loses puck.
11:07 of 3rd period - Snap shot by Marc Staal.
11:07 of 3rd period - Shot Blocked by Taylor Chorney.
12:33 of 3rd period - Icing by Alex Goligoski.
12:34 of 3rd period - Tomas Tatar wins face-off versus Max Reinhart in Panthers zone.
12:36 of 3rd period - Penalty to Paul Stastny is over, Paul Stastny is back on ice.
12:51 of 3rd period - Slapshot by Taylor Chorney.
12:51 of 3rd period - Shot Blocked by Paul Stastny.
12:53 of 3rd period - Wrist shot by Chad Larose.
12:53 of 3rd period - Stopped by Cam Ward without a rebound.
12:54 of 3rd period - Travis Zajac wins face-off versus Paul Stastny in Avalanche zone.
12:55 of 3rd period - Wrist shot by Andrei Kostitsyn.
12:55 of 3rd period - Stopped by Cam Ward without a rebound.
12:56 of 3rd period - Travis Zajac wins face-off versus Paul Stastny in Avalanche zone.
13:01 of 3rd period - Snap shot by Rickard Rakell.
13:01 of 3rd period - Stopped by Cam Ward with a rebound.
13:03 of 3rd period - Slapshot by Travis Zajac.
13:03 of 3rd period - Shot Blocked by Danny Richmond.
13:05 of 3rd period - Wrist shot by Rickard Rakell.
13:05 of 3rd period - Shot Blocked by Evgeny Dadonov.
13:07 of 3rd period - Slapshot by Radko Gudas.
13:07 of 3rd period - Stopped by Cam Ward with a rebound.
13:09 of 3rd period - Snap shot by Travis Zajac.
13:09 of 3rd period - Goal by Travis Zajac - Panthers : 3 - Avalanche : 4.
13:10 of 3rd period - Matt Duchene wins face-off versus Paul Stastny in neutral zone.
13:18 of 3rd period - Minor Penalty to James Van Riemsdyk for Hooking.
13:19 of 3rd period - Paul Stastny wins face-off versus Matt Duchene in Avalanche zone.
13:42 of 3rd period - Icing by Alex Galchenyuk.
13:43 of 3rd period - Matt Duchene wins face-off versus Paul Stastny in Panthers zone.
13:56 of 3rd period - Slapshot by Matt Duchene.
13:56 of 3rd period - Shot Misses the Net.
14:02 of 3rd period - Snap shot by Alex Galchenyuk.
14:02 of 3rd period - Shot Misses the Net.
14:04 of 3rd period - Wrist shot by Alex Galchenyuk.
14:04 of 3rd period - Shot Misses the Net.
14:06 of 3rd period - Snap shot by Drew Stafford.
14:06 of 3rd period - Stopped by Cam Ward without a rebound.
14:07 of 3rd period - Paul Stastny wins face-off versus Travis Zajac in Avalanche zone.
15:18 of 3rd period - Penalty to James Van Riemsdyk is over, James Van Riemsdyk is back on ice.
17:00 of 3rd period - Wrist shot by Tomas Kopecky.
17:00 of 3rd period - Shot Misses the Net.
17:16 of 3rd period - Wrist shot by Alex Galchenyuk.
17:16 of 3rd period - Stopped by Cam Ward with a rebound.
17:42 of 3rd period - Slapshot by Kyle Wellwood.
17:42 of 3rd period - Shot Misses the Net.
17:44 of 3rd period - Minor Penalty to Mikkel Boedker for High sticking.
17:45 of 3rd period - Paul Stastny wins face-off versus Matt Duchene in Avalanche zone.
17:58 of 3rd period - Snap shot by Matt Duchene.
17:58 of 3rd period - Stopped by Cam Ward without a rebound.
17:59 of 3rd period - Matt Duchene wins face-off versus Paul Stastny in Avalanche zone.
18:14 of 3rd period - Wrist shot by Matt Duchene.
18:14 of 3rd period - Shot Blocked by Jack Johnson.
19:11 of 3rd period - Mattias Ekholm is hit by Andrei Kostitsyn and loses puck.
19:19 of 3rd period - Icing by Travis Zajac.
19:20 of 3rd period - Paul Stastny wins face-off versus Travis Zajac in Panthers zone.
19:20 of 3rd period - Colten Teubert is hit by Alex Goligoski and loses puck.
19:33 of 3rd period - Panthers, Braden Holtby is pulled from the net.
19:44 of 3rd period - Penalty to Mikkel Boedker is over, Mikkel Boedker is back on ice.
Goals for this period are 2 for Panthers vs 0 for Avalanche.
Shots for this period are 10 for Panthers vs 7 for Avalanche.